 Dungeon Crawl Stone Soup version 0.28.0-53-g5a82cb258f (webtiles) character file.

Game seed: 13952699193501062473

1178 MiltankisOP the Nimble (level 8, 0/49 (51) HPs)
             Began as a Kobold Brigand on June 17, 2022.
             Slain by a phantom (8 damage)
             ... on level 6 of the Dungeon.
             The game lasted 00:12:02 (7472 turns).

MiltankisOP the Nimble (Kobold Brigand)             Turns: 7472, Time: 00:12:02

HP:   0/49 (51)     AC:  4    Str:  8    XL:     8   Next: 69%
MP:   8/8           EV: 19    Int: 17    God:
Gold: 256           SH:  0    Dex: 18    Spells: 7/7 levels left

rFire   + . .      SeeInvis .   a - +2 dagger
rCold   . . .      Faith    +   (no shield)
rNeg    . . .      Spirit   .   n - +0 robe of the Lobster {rF+}
rPois   .          Reflect  .   (no helmet)
rElec   .          Harm     .   c - +0 cloak
rCorr   .          Rampage  .   (no gloves)
Will    .....                   g - +0 pair of boots
Stlth   ++++++....              r - amulet "Vumneuze" {Faith Int+4 Stlth+}
HPRegen 0.16/turn               (no ring)
MPRegen 0.11/turn               (no ring)

@: lightly drained
A: small, no large weapons, nightstalker 3
a: no special abilities


You were on level 6 of the Dungeon.
You visited 2 branches of the dungeon, and saw 7 of its levels.

You collected 256 gold pieces.

Inventory:

Hand Weapons
 a - a +2 dagger (weapon)
Missiles
 d - 8 poisoned darts (quivered)
 e - 2 curare-tipped darts
Armour
 b - a +0 robe
 c - a +0 cloak (worn)
 g - a +0 pair of boots (worn)
 n - the +0 robe of the Lobster (worn) {rF+}
   (You found it on level 3 of the Dungeon)

   rF:        It protects you from fire.
Jewellery
 r - the amulet "Vumneuze" (around neck) {Faith Int+4 Stlth+}
   (You found it on level 5 of the Dungeon)

   [amulet of faith]

   It allows you to gain divine favour quickly.
   Int:       It affects your intelligence (+4).
   Stlth:     It makes you more stealthy.
 v - an amulet of the acrobat
Wands
 m - a wand of iceblast (5)
Scrolls
 j - a scroll of fear {unknown}
 l - 2 scrolls of holy word {unknown}
 o - a scroll of amnesia {unknown}
 p - a scroll of enchant armour {unknown}
 q - a scroll of enchant weapon {unknown}
 s - 2 scrolls of magic mapping {unknown}
 t - a scroll of fog {unknown}
 u - a scroll of acquirement {unknown}
 w - a scroll of vulnerability {unknown}
 x - a scroll of torment {unknown}
 y - a scroll of teleportation {unknown}
Potions
 f - a potion of heal wounds
 h - 2 potions of flight
 i - 3 potions of curing {unknown}
 k - 2 potions of lignification {unknown}


   Skills:
 - Level 6.0 Fighting
 - Level 6.0 Short Blades
 - Level 2.1 Throwing
 - Level 8.0 Dodging
 + Level 6.6 Stealth


You had 7 spell levels left.
You didn't know any spells.
Your spell library contained the following spells:

 Spells                   Type           Power      Damage    Failure   Level
 Sting                    Tmut/Pois      0%         1d3       24%         1
 Poisonous Vapours        Pois/Air       0%         N/A       34%         2
 Olgreb's Toxic Radiance  Pois           0%         N/A       93%         4


Dungeon Overview and Level Annotations

Branches:
Dungeon (6/15)             Temple (1/1) D:4

Altars:
Ashenzari
Dithmenos
Elyvilon
Fedhas
Gozag
Hepliaklqana
Kikubaaqudgha
Makhleb
Qazlal
Ru
Sif Muna
Trog
Uskayaw
Vehumet
Wu Jian
Yredelemnul
Zin
The Shining One


Innate Abilities, Weirdness & Mutations

You are small and have problems with some larger weapons.
You are completely attuned to the shadows.


Message History

You hit the phantom. Your punch misses the phantom.
The phantom is heavily damaged.
The phantom closely misses you.
You closely miss the phantom.
The phantom is heavily damaged.
You barely miss the phantom.
The phantom is heavily damaged.
The phantom closely misses you.
You hit the phantom but do no damage.
The phantom is heavily damaged.
The phantom barely misses you.
You closely miss the phantom.
The phantom is heavily damaged.
The phantom barely misses you.
You closely miss the phantom.
The phantom is heavily damaged.
You hit the phantom.
The phantom is heavily damaged.
The phantom closely misses you.
You hit the phantom but do no damage.
The phantom is heavily damaged.
The phantom hits you.
* * * LOW HITPOINT WARNING * * *
You hit the phantom but do no damage.
The phantom is heavily damaged.
You hit the phantom but do no damage.
The phantom is heavily damaged.
The phantom hits you but does no damage.
You hit the phantom but do no damage.
The phantom is heavily damaged.
The phantom completely misses you.
You closely miss the phantom.
The phantom is heavily damaged.
You miss the phantom.
The phantom is heavily damaged.
The phantom closely misses you.
You hit the phantom.
The phantom is heavily damaged.
The phantom hits you!
You die...

##.#.#### #...#
#######..# .....##..#
.....##..# ........>#
.....##### .
.......W.##########..
#######@...)../......
#.........§....
#.............(
#......§.......
#.......§......
............''
............
............
.........


You could see a phantom.

Vanquished Creatures
  Duvessa (D:4)
  A black bear (D:6)
  A necrophage (D:6)
  4 phantoms
  Dowan (D:4)
  A howler monkey (D:6)
  2 jellies
  2 orc priests
  A bullfrog skeleton (D:5)
  A hound (D:5)
  A centaur skeleton (D:5)
  2 iguanas
  3 orc wizards
  A howler monkey zombie (D:6)
  6 adders
  An adder skeleton (D:4)
  A worm (D:4)
  2 dart slugs
  13 orcs
  2 bats
  6 endoplasms
  8 giant cockroaches
  6 goblins
  5 hobgoblins
  3 jackals (D:3)
  4 quokkas
  6 ball pythons
  3 frilled lizards
  2 kobolds (D:4)
  2 rats (D:1)
92 creatures vanquished.

Vanquished Creatures (others)
  An orc wizard (D:5)
1 creature vanquished.

Grand Total: 93 creatures vanquished

Notes
Turn   | Place    | Note
-------+----------+-------------------------------------------
     0 | D:1      | MiltankisOP the Kobold Brigand began the quest for the Orb.
     0 | D:1      | Reached XP level 1. HP: 12/12 MP: 1/1
   190 | D:1      | Reached XP level 2. HP: 18/18 MP: 2/2
   650 | D:1      | You fall into a shaft and drop 1 floor!
   679 | D:2      | Found a faded altar of an unknown god.
   812 | D:2      | Reached XP level 3. HP: 14/22 MP: 3/3
  1508 | D:2      | Identified the +0 leather armour of Dynn {Harm rPois rF+
                  | Dex+2}
  1652 | D:2      | Found a radiant altar of Vehumet.
  1850 | D:3      | Reached XP level 4. HP: 27/27 MP: 4/4
  2062 | D:3      | Reached skill level 5 in Short Blades
  2389 | D:3      | Identified the +0 robe of the Lobster {rF+}
  2606 | D:3      | Reached XP level 5. HP: 10/31 MP: 5/5
  3293 | D:4      | Noticed Dowan
  3295 | D:4      | Noticed Duvessa
  3303 | D:4      | Killed Dowan
  3304 | D:4      | Reached skill level 2 in Dodging
  3307 | D:4      | Killed Duvessa
  3308 | D:4      | Reached skill level 4 in Dodging
  3308 | D:4      | Reached XP level 6. HP: 27/36 MP: 6/6
  3403 | D:4      | Reached skill level 5 in Dodging
  3727 | D:4      | Found a staircase to the Ecumenical Temple.
  3733 | Temple   | Entered the Ecumenical Temple
  4032 | D:5      | Entered Level 5 of the Dungeon
  4041 | D:5      | Identified the amulet "Vumneuze" {Faith Int+4 Stlth+}
  4071 | D:5      | Reached XP level 7. HP: 40/40 MP: 7/7
  4221 | D:4      | Reached skill level 6 in Dodging
  4669 | D:4      | Found an ornate altar of the Wu Jian Council.
  5385 | D:5      | Reached skill level 7 in Dodging
  5824 | D:5      | Reached skill level 8 in Dodging
  5824 | D:5      | Reached XP level 8. HP: 45/45 MP: 8/8
  6889 | D:6      | Reached skill level 5 in Fighting
  7472 | D:6      | Slain by a phantom

Illustrated notes

Levels and vault maps discovered:
D:1:      pf_arrival_petrified_forest, layout_basic, serial_aquarium,
          aquarium_bridge_straight [aquarium_subvault_bridge,
          aquarium_subvault_window, aquarium_subvault_bridge,
          aquarium_subvault_window], aquarium_bridge_island_small
          [aquarium_subvault_small_open, aquarium_subvault_wall,
          aquarium_subvault_bridge, aquarium_subvault_window,
          aquarium_subvault_wall], aquarium_window_corner,
          aquarium_window_double, aquarium_window_fake, aquarium_window_2,
          aquarium_view_2d
D:2:      layout_rooms, basic_altar, hellmonk_ecumenical_altar_slurped_away
D:3:      layout_loops_ring
D:4:      nicolae_cairo_tiling_very_big, layout_loops_corners,
          old_standard_altar, minmay_temple_entry_antechambers, uniq_duvessa
D:5:      layout_loops_cross
D:6:      layout_basic
Temple:   eino_temple_rhombus

Skill      XL: |  1  2  3  4  5  6  7  8 |
---------------+-------------------------+-----
Short Blades   | 3 4 6 |  6.0
Stealth        | 6 |  6.6
Dodging        | 4 5 8 |  8.0
Fighting       | 6 |  6.0
Throwing       | |  2.1

Action                   |  1- 3 |  4- 6 |  7- 9 || total
-------------------------+-------+-------+-------++-------
Melee: Dagger            |    85 |   120 |   550 ||   755
       Punch             |     1 |       |     1 ||     2
Evoke: Wand              |       |     6 |     3 ||     9
  Use: Potion            |       |       |     7 ||     7
 Stab: Sleeping          |    18 |    13 |     4 ||    35
       Distracted        |       |     1 |       ||     1
Armor: Robe              |    14 |    19 |    67 ||   100
Dodge: Dodged            |    50 |    48 |   295 ||   393
